 Dungeon Crawl Stone Soup version 0.31.0-11-ge490571c62 (webtiles) character file.

Game seed: 15948668516286467440

144 zenocrate the Sneak (level 5, -2/24 HPs)
             Began as a Vine Stalker Enchanter on Jan 31, 2024.
             Slain by a ribbon worm (7 damage)
             ... on level 4 of the Dungeon.
             The game lasted 00:02:36 (2746 turns).

zenocrate the Sneak (Vine Stalker Enchanter)        Turns: 2746, Time: 00:02:37

Health: -2/24      AC:  2    Str: 10    XL:     5   Next: 27%
Magic:  0/9        EV: 12    Int: 15    God:
Gold:   214        SH:  0    Dex: 17    Spells: 0/8 levels left

rFire   . . .        b - +2 short sword (venom)
rCold   + . .        (no shield)
rNeg    . . .        v - +0 robe
rPois   .            (no helmet)
rElec   .            (no cloak)
rCorr   +            (no gloves)
SInv    .            (no boots)
Will    .....        (no amulet)
Stlth   +++          m - ring of protection from cold
HPRegen 1.04/turn    q - ring of resist corrosion
MPRegen 0.11/turn

%: guardian spirit
@: no status effects
A: fangs 2, regeneration 1, magic shield, antimagic bite, no potion heal 2
a: no special abilities


You were on level 4 of the Dungeon.
You visited 1 branch of the dungeon, and saw 4 of its levels.

You collected 214 gold pieces.

Inventory:

Hand Weapons
 a - a +1 dagger
 b - a +2 short sword of venom (weapon)
Missiles
 l - 5 poisoned darts (quivered)
Armour
 v - a +0 robe (worn)
Jewellery
 m - a ring of protection from cold (left hand)
 q - a ring of resist corrosion (right hand)
Wands
 t - a wand of roots (9)
Scrolls
 d - 2 scrolls of teleportation {unknown}
 e - 3 scrolls of fear
 k - a scroll of vulnerability {unknown}
 n - a scroll of amnesia {unknown}
 p - a scroll of poison {unknown}
Potions
 c - 2 potions of invisibility
 f - 2 potions of brilliance {unknown}
 g - a potion of ambrosia {unknown}
 h - 5 potions of curing {unknown}
 i - a potion of mutation {unknown}
 j - 2 potions of magic {unknown}
 o - a potion of enlightenment {unknown}
 r - 3 potions of heal wounds {unknown}
 s - a potion of haste {unknown}
 u - 2 potions of attraction {unknown}


   Skills:
 + Level 1.9 Short Blades
 + Level 2.2 Dodging
 + Level 4.5 Stealth
 - Level 2.1 Spellcasting
 + Level 3.5 Hexes
 * Level 2.5 Ice Magic


You couldn't memorise any spells.
You knew the following spells:

 Your Spells              Type           Power      Damage    Failure   Level
a - Ensorcelled Hibernat  Hex/Ice        20%        N/A       10%         2
b - Confusing Touch       Hex            12%        N/A       16%         3
c - Tukima's Dance        Hex            12%        N/A       16%         3

Your spell library contained the following spells:

 Spells                   Type           Power      Damage    Failure   Level
 Magic Dart               Conj           4%         1d3       22%         1
 Blink                    Tloc           2%         N/A       32%         2
 Call Imp                 Summ           2%         N/A       32%         2
 Static Discharge         Conj/Air       2%         3-4/arc   32%         2
 Dazzling Flash           Conj/Hex       12%        N/A       32%         3
 Inner Flame              Hex/Fire       6%         N/A       32%         3
 Airstrike                Air            0%         2d(1-17)  91%         4
 Flame Wave               Conj/Fire      1%         2d4       91%         4
 Sticky Flame             Fire/Alch      1%         2d4       91%         4
 Summon Lightning Spire   Summ/Air       1%         N/A       91%         4


Dungeon Overview and Level Annotations

Branches:
Dungeon (4/15)
 Temple: D:4-7

Altars:
Cheibriados
Dithmenos

Shops:
D:4 :

Annotations:
D:4 Sigmund


Innate Abilities, Weirdness & Mutations

You have extremely sharp teeth.
Your natural rate of healing is unusually fast.
When hurt, damage is shared between your health and your magic reserves.
Your bite disrupts and absorbs the magic of your enemies.
Potions cannot restore your health.


Message History

Deactivating autopickup; reactivate with Ctrl-A.
The ribbon worm attacks as it pursues you!
The ribbon worm bites you.
Casting: Ensorcelled Hibernation (safe; 10% risk of failure)
Confirm with . or Enter, or press ? or * to list all spells.
Aiming: Ensorcelled Hibernation (safe; 10% risk of failure)
Press: ? - help, Shift-Dir - straight line, f/p - ribbon worm
Aim: a ribbon worm (chance to affect: 52%)
The ribbon worm resists with significant effort.
Unknown command.
You barely miss the ribbon worm. The ribbon worm misses you.
Casting: Ensorcelled Hibernation (safe; 10% risk of failure)
Confirm with . or Enter, or press ? or * to list all spells.
Aiming: Ensorcelled Hibernation (safe; 10% risk of failure)
Press: ? - help, Shift-Dir - straight line, f/p - ribbon worm
Aim: a ribbon worm (chance to affect: 52%)
The ribbon worm resists with significant effort.
The ribbon worm closely misses you.
You hit the ribbon worm.
The ribbon worm is poisoned.
The ribbon worm is lightly wounded.
Unknown command.
You hit the ribbon worm.
The ribbon worm is heavily wounded.
The ribbon worm bites you!
You barely miss the ribbon worm. You bite the ribbon worm. You drain its power.
You feel invigorated.
The ribbon worm is severely wounded.
The ribbon worm bites you.
You hit the ribbon worm but do no damage.
The ribbon worm is severely wounded.
Something hits you!
The ribbon worm expels a string of sticky webbing.
The stream of webbing hits you but does no damage.
You are caught in a web!
There is a web here.
You struggle to detach yourself from the web.
The web tears apart.
Something hits you!
* * * LOW HITPOINT WARNING * * *
The ribbon worm bites you!
You die...

### ## #.# ##.#
#.## ...#. #..#
##.##∩# .
##.#####....# ..
##..@w#....#.#.#.
##†.###...........
###..##
##..........
##..###
#.......... ##..##
#.........#
###..##
#.........#
##..###
##.......## ##..##
#........# ###..##
#......#.#


You could see a ribbon worm (very poisoned).

Vanquished Creatures
  An iguana (D:3)
  3 gnolls
  3 adders
  A dart slug (D:1)
  2 orcs
  9 ball pythons
  9 bats
  7 endoplasms
  3 giant cockroaches
  4 goblins
  5 hobgoblins
  6 frilled lizards
  2 kobolds (D:3)
  4 rats
59 creatures vanquished.

Notes
Turn   | Place    | Note
-------+----------+-------------------------------------------
     0 | D:1      | zenocrate the Vine Stalker Enchanter began the quest for
                  | the Orb.
     0 | D:1      | Reached XP level 1. HP: 9/9 MP: 4/4
    31 | D:1      | Reached skill level 1 in Short Blades
    89 | D:1      | Reached XP level 2. HP: 13/13 MP: 4/6
    97 | D:1      | Learned a level 2 spell: Ensorcelled Hibernation
   551 | D:1      | Reached skill level 1 in Ice Magic
   579 | D:1      | Reached XP level 3. HP: 16/16 MP: 7/7
   583 | D:1      | Learned a level 3 spell: Confusing Touch
   588 | D:1      | Reached skill level 4 in Stealth
  1282 | D:2      | Identified the +4 mace of Kuzxemy {elec, Will+}
  1347 | D:2      | Reached XP level 4. HP: 21/21 MP: 6/8
  1444 | D:2      | Found a snail-covered altar of Cheibriados.
  2345 | D:3      | Found a faded altar of an unknown god.
  2440 | D:3      | Reached XP level 5. HP: 5/24 MP: 0/9
  2557 | D:3      | Learned a level 3 spell: Tukima's Dance
  2620 | D:4      | Found a shadowy altar of Dithmenos.
  2726 | D:4      | Found Qum Umimn's Book Boutique.
  2729 | D:4      | Noticed Sigmund
  2746 | D:4      | Slain by a ribbon worm

Illustrated notes

Levels and vault maps discovered:
D:1:      wander_arrival_lonely_grave, layout_loops_ring
D:2:      layout_basic, basic_altar, st_stairs_12
D:3:      layout_rooms, hellmonk_ecumenical_altar_defaced_shrine
D:4:      layout_cave_pods, nicolae_dithmenos_shadow_blocks, serial_shops,
          nicolae_book_shop_shelving, nicolae_take_the_stairs,
          nicolae_shop_hallway_stairs, uniq_sigmund, uniq_grinder

Skill      XL: |  1  2  3  4 |
---------------+-------------+-----
Short Blades   | 1 |  1.9
Ice Magic      | 1 2 |  2.5
Stealth        | 4 |  4.5
Dodging        | 2 |  2.2
Spellcasting   | |  2.1
Hexes          | |  3.5

Action                     |  1- 3 |  4- 6 || total
---------------------------+-------+-------++-------
  Melee: Dagger            |    93 |    38 ||   131
         Bite              |    21 |    13 ||    34
         Punch             |     1 |       ||     1
         Short sword       |       |    21 ||    21
   Cast: Ensorcelled Hiber |    13 |    18 ||    31
    Use: Scroll            |       |     1 ||     1
   Stab: Sleeping          |    15 |     9 ||    24
 Armour: Robe              |    53 |    36 ||    89
  Dodge: Dodged            |    61 |    43 ||   104
